 Dungeon Sprint DCSS version 0.22-a0-136-g83a10e5898 (webtiles) character file.

42 Denreik the Fighter (level 3, 0/37 HPs)
             Began as a Formicid Fighter on Feb 2, 2018.
             Killed from afar by an orc wizard (10 damage)
             ... with a magic dart
             ... in the Dungeon (Sprint IX: "|||||||||||||||||||||||||||||").
             The game lasted 00:00:30 (67 turns).

Denreik the Fighter (Formicid Fighter)                Turns: 67, Time: 00:00:30

Health: 0/37       AC:  6    Str: 21    XL:     3   Next: 77%
Magic:  3/3        EV:  7    Int:  7    God:
Gold:   0          SH:  9    Dex: 10    Spells: 2/2 levels left

rFire    . . .     SeeInvis +   a - +0 quarterstaff
rCold    . . .     Gourm    .   c - +0 shield
rNeg     . . .     Faith    .   b - +0 scale mail
rPois    .         Spirit   .   (helmet unavailable)
rElec    .         Reflect  .   (no cloak)
rCorr    .         Harm     .   (no gloves)
MR       .....                  (no boots)
Stlth    ..........             (no amulet)
HPRegen  0.12/turn              (no ring)
MPRegen  0.08/turn              (no ring)

@: lethally poisoned (0 -> -7)
A: permanent stasis, dig shafts and tunnels, four strong arms, antennae 3
a: Dig


You were in the Dungeon.
You were not hungry.

You visited 1 branch

Inventory:

Hand Weapons
 a - a +0 quarterstaff (weapon)
Armour
 b - a +0 scale mail (worn)
 c - a +0 shield (worn)
Scrolls
 k - a scroll of blinking
Potions
 d - a potion of might
 e - a potion of curing
 g - a potion of heal wounds
 h - a potion of haste
 i - 2 potions of magic
 j - a potion of berserk rage
Comestibles
 f - a ration
 l - 2 chunks of flesh


   Skills:
 * Level 8.1 Fighting
 - Level 2.0 Staves
 - Level 3.2 Armour
 - Level 3.6 Shields


You had 2 spell levels left.
You didn't know any spells.

Dungeon Overview and Level Annotations

Branches:
Dungeon (1/1)

Altars:


Innate Abilities, Weirdness & Mutations

You cannot be hasted, slowed, berserked, paralysed or teleported.
You can dig through walls and to a lower floor.
Your four strong arms can wield two-handed weapons with a shield.
You have a pair of large antennae on your head. (SInv)


Message History

The adder bites you but does no damage. The orc wizard barely misses you.
Your scale mail prevents you from hitting the adder.
You feel sick. You block the adder's attack.
The orc wizard hits you but does no damage.
You block the adder's attack.
You barely miss the adder.
The orc wizard hits you but does no damage. x2
The adder bites you.
You are more poisoned.
The adder poisons you!
You sock the adder!
You kill the adder!
Your Fighting skill increases to level 8!
You feel sick.
The orc wizard points at you and mumbles some strange words.
The magic dart hits you!
* * * LOW HITPOINT WARNING * * *
The orc wizard casts a spell at you. The magic dart hits you!
You die...

▓+▓
▓.▓
▓.▓
▓.▓
▓.▓
▓.▓
▓†▓
▓@▓
▓o▓
▓.▓
▓.▓
▓)▓
▓†▓
▓.▓
▓.▓
▓.▓


You could see an orc wizard.

Vanquished Creatures
  A worker ant (D)
  An adder (D)
  2 leopard geckos (D)
  A goblin (D)
  A kobold (D)
  A bat (D)
  2 frilled lizards (D)
9 creatures vanquished.

Vanquished Creatures (others)
  A spatial maelstrom (D)
1 creature vanquished.

Grand Total: 10 creatures vanquished

Notes
Turn   | Place    | Note
-------+----------+-------------------------------------------
     0 | D        | Denreik the Formicid Fighter began the quest for the Orb.
     0 | D        | Reached XP level 1. HP: 18/18 MP: 1/1
     6 | D        | Banished a spatial maelstrom
     7 | D        | Reached skill level 4 in Fighting
    11 | D        | Reached skill level 5 in Fighting
    53 | D        | Noticed an orc wizard
    53 | D        | Noticed a worker ant
    56 | D        | Reached XP level 2. HP: 25/27 MP: 2/2
    62 | D        | Reached skill level 7 in Fighting
    62 | D        | Reached XP level 3. HP: 23/36 MP: 3/3
    67 | D        | Reached skill level 8 in Fighting
    67 | D        | Killed from afar by an orc wizard

Vault maps used:
D:        linesprint

Skill      XL: |  1  2  3 |
---------------+----------+-----
Fighting       | 5 7 8 |  8.1
Staves         | |  2.0
Armour         | |  3.2
Shields        | |  3.6

Action                   || total
-------------------------++-------
Melee: Quarterstaff      ||    21
Armor: Scale mail        ||    11
Dodge: Dodged            ||     8
Block: Shield            ||    11

Table legend:
 A = Spawn XP
 B = Non-spawn XP
 C = Spawn XP percentage of total XP
 D = Spawn monster count
 E = Non-spawn monster count
 F = Spawn count percentage of total count
 G = Total turns spent on level
                    A         B        C        D         E        F      G
               +---------+---------+-------+---------+---------+-------+---------
         Total |       0 |      60 |   0.0 |       0 |       9 |   0.0 |    67
               +---------+---------+-------+---------+---------+-------+---------
             D |       0 |      60 |   0.0 |       0 |       9 |   0.0 |    67
               +---------+---------+-------+---------+---------+-------+---------
